 Dungeon Crawl Stone Soup version 0.28.0 (webtiles) character file.

Game seed: 4095855771547620067

53 SnakkuSnakku7 the Changer (level 3, 0/21 HPs)
             Began as a Vampire Warper on Feb 16, 2022.
             Slain by a scorpion (7 damage)
             ... on level 2 of the Dungeon.
             The game lasted 00:03:39 (1362 turns).

SnakkuSnakku7 the Changer (Vampire Warper)          Turns: 1362, Time: 00:03:40

Health: 0/21       AC:  3    Str: 10    XL:     3   Next: 64%
Magic:  6/6        EV: 11    Int: 17    God:
Gold:   58         SH:  0    Dex: 13    Spells: 5/6 levels left

rFire   . . .      SeeInvis +   a - +0 falchion
rCold   + + .      Faith    .   (no shield)
rNeg    + + +      Spirit   .   b - +0 leather armour
rPois   ∞          Reflect  .   (no helmet)
rElec   .          Harm     .   (no cloak)
rCorr   .          Rampage  .   (no gloves)
Will    .....                   (no boots)
Stlth   +++.......              i - amulet of regeneration
HPRegen 0.00/turn               j - ring of flight
MPRegen 0.10/turn               (no ring)

@: brilliant, attractive, flying, bloodless, inhibited regen
A: bloodless, fangs 3, see invisible, vampiric 2
a: Bat Form, Revivify


You were on level 2 of the Dungeon.
You visited 1 branch of the dungeon, and saw 2 of its levels.

You collected 58 gold pieces.

Inventory:

Hand Weapons
 a - a +0 falchion (weapon)
Missiles
 h - 6 boomerangs (quivered)
Armour
 b - a +0 leather armour (worn)
Jewellery
 i - an amulet of regeneration (around neck)
 j - a ring of flight (left hand)
Potions
 e - a potion of berserk rage
 g - a potion of haste {unknown}
 k - a potion of attraction
 l - a potion of lignification {unknown}
 m - a potion of degeneration {unknown}


   Skills:
 - Level 1.7 Fighting
 - Level 2.0 Long Blades
 - Level 0.7 Throwing
 - Level 0.7 Armour
 - Level 2.1 Dodging
 + Level 2.4 Unarmed Combat
 - Level 2.0 Spellcasting
 - Level 2.4 Translocations
 + Level 2.5 Transmutations


You had 5 spell levels left.
You knew the following spells:

 Your Spells              Type           Power      Damage    Failure   Level
a - Beastly Appendage     Tmut           30%        N/A       10%         1

Your spell library contained the following spells:

 Spells                   Type           Power      Damage    Failure   Level
 Blink                    Tloc           28%        N/A       16%         2
 Gell's Gravitas          Tloc           14%        N/A       30%         3
 Lesser Beckoning         Tloc           14%        N/A       30%         3
 Teleport Other           Tloc           14%        N/A       30%         3
 Ozocubu's Armour         Ice            2%         N/A       61%         3
 Manifold Assault         Tloc           14%        N/A       95%         5
 Metabolic Englaciation   Hex/Ice        1%         N/A       100%        5
 Simulacrum               Ice/Necr       1%         N/A       100%        6
 Dragon Form              Tmut           7%         N/A       100%        7
 Enfeeble                 Hex            1%         N/A       100%        7


Dungeon Overview and Level Annotations

Branches:
Dungeon (2/15)

Altars:

Shops:
D:1 [


Innate Abilities, Weirdness & Mutations

You do not regenerate when monsters are visible.
You are frail without blood (-20% HP).
You can heal yourself when you bite living creatures.
You are immune to poison.
You have razor-sharp teeth.
You have supernaturally acute eyesight. (SInv)
You are afflicted with vampirism and can become a bat while bloodless.


Message History

Aim: a scorpion (56% to hit)
You throw a boomerang of dispersal.
The boomerang of dispersal closely misses the scorpion.
The scorpion misses you.
Unknown command.
Throw: 2 boomerangs (disperse)
Press: ? - help, Shift-Dir - straight line, f/p - scorpion
Aim: a scorpion (56% to hit)
You throw a boomerang of dispersal.
The boomerang of dispersal hits the scorpion but does no damage.
The scorpion stings you but does no damage. x2
Unknown command.
Throw: boomerang (disperse)
Press: ? - help, Shift-Dir - straight line, f/p - scorpion
Aim: a scorpion (56% to hit)
You throw a boomerang of dispersal.
The boomerang of dispersal barely misses the scorpion.
The scorpion barely misses you. x2
Unknown command.
Unknown command.
You aren't carrying any scrolls.
Unknown command.
It was a potion of brilliance.
You feel clever all of a sudden. The scorpion closely misses you.
It was a potion of attraction.
You feel attractive to monsters. The scorpion misses you.
It was a potion of heal wounds.
You feel much better. The scorpion closely misses you. The scorpion stings you.
You slash the scorpion!
The scorpion is moderately wounded.
The scorpion closely misses you.
You completely miss the scorpion.
The scorpion is moderately wounded.
The scorpion stings you. The scorpion stings you!
You hit the scorpion but do no damage. You bite the scorpion.
The scorpion is heavily wounded.
The scorpion stings you!
You die...

......# #.# #.....#############.
#.##### #.# #.....# #.......
#.#######.# ##.#### #.......
#)#.......# #.# #.......
#.#......## #.# .........
..#......# #.# .........
.###.##### #.# .........
........#######.#######.........>
†...............@................
........#######s######..
........# #.# ....##### #.# #
....# ##.######+#.. ....#
#............ ....#
########............ ....#
#................... ....#
#...................


You could see a scorpion.

Vanquished Creatures
  A worm (D:2)
  4 dart slugs (D:1)
  3 ball pythons
  3 bats
  6 endoplasms
  2 giant cockroaches (D:1)
  4 goblins
  3 hobgoblins (D:1)
  3 quokkas (D:1)
  A frilled lizard (D:2)
  4 kobolds
  2 rats
36 creatures vanquished.

Notes
Turn   | Place    | Note
-------+----------+-------------------------------------------
     0 | D:1      | SnakkuSnakku7 the Vampire Warper began the quest for the
                  | Orb.
     0 | D:1      | Reached XP level 1. HP: 16/16 MP: 3/3
    27 | D:1      | Got the Catalogue of Ensnaring Shape Shifting
    32 | D:1      | Learned a level 1 spell: Beastly Appendage
   121 | D:1      | Reached skill level 1 in Unarmed Combat
   121 | D:1      | Reached skill level 1 in Transmutations
   135 | D:1      | Reached XP level 2. HP: 22/22 MP: 5/5
   456 | D:1      | Gained mutation: You are afflicted with vampirism and can
                  | become a bat while bloodless. [Vampire growth]
   456 | D:1      | Reached XP level 3. HP: 24/27 MP: 6/6
   461 | D:1      | Found Paegal's Antique Armour Shoppe.
   511 | D:1      | Found a faded altar of an unknown god.
   861 | D:2      | Noticed a scorpion
  1362 | D:2      | Slain by a scorpion

Illustrated notes

Levels and vault maps discovered:
D:1:      lemuel_arrival_rhombus, layout_loops_ring, serial_shops,
          nicolae_shop_temple_entry_statues_fountains, basic_ecumenical_altar
D:2:      layout_basic, guppyfry_early_lair_pool

Skill      XL: |  1  2 |
---------------+-------+-----
Unarmed Combat | 1 2 |  2.4
Transmutations | 1 2 |  2.5
Fighting       | |  1.7
Long Blades    | |  2.0
Throwing       | |  0.7
Armour         | |  0.7
Dodging        | |  2.1
Spellcasting   | |  2.0
Translocations | |  2.4

Action                   || total
-------------------------++-------
Melee: Falchion          ||   108
       Bite              ||     9
       Headbutt          ||     1
Throw: Boomerang         ||     7
 Cast: Beastly Appendage ||     1
 Abil: Exsanguinate      ||     1
  Use: Potion            ||     3
       Scroll            ||     2
 Stab: Sleeping          ||     3
Armor: Leather armour    ||    42
Dodge: Dodged            ||    89
